 Dungeon Crawl Stone Soup version 0.21.1-1-g345015fe64 (webtiles) character file.

144 LevaFresel the Bolt Thrower (level 5, -3/31 HPs)
             Began as a Kobold Arcane Marksman on June 8, 2018.
             Slain by Bapho's ghost (7 damage)
             ... on level 3 of the Dungeon.
             The game lasted 00:15:39 (2661 turns).

LevaFresel the Bolt Thrower (KoAM)                  Turns: 2661, Time: 00:15:40

Health: -3/31      AC:  9    Str:  9    XL:     5   Next: 52%
Magic:  8/8        EV: 14    Int: 14    God:
Gold:   143        SH:  0    Dex: 15    Spells: 5/8 levels left

rFire    . . .     SeeInvis .   a - +0 hand crossbow
rCold    . . .     Gourm    .   (shield restricted)
rNeg     . . .     Faith    .   e - +0 ring mail {rPois}
rPois    +         Spirit   .   k - +2 helmet
rElec    .         Reflect  .   l - +0 cloak
rCorr    .         Harm     .   (no gloves)
MR       .....                  (no boots)
Stlth    +.........             (no amulet)
HPRegen  0.10/turn              (no ring)
MPRegen  0.11/turn              (no ring)

@: hasted, very quick
A: small, carnivore
a: no special abilities


You were on level 3 of the Dungeon.
You were very full.

You visited 1 branch of the dungeon, and saw 4 of its levels.

You collected 143 gold pieces.

Inventory:

Hand Weapons
 a - a +0 hand crossbow (weapon)
 b - a +0 short sword
 o - a cursed -3 dagger
Missiles
 d - 9 bolts (quivered)
Armour
 e - a +0 ring mail of poison resistance (worn)
 k - a +2 helmet (worn)
 l - a +0 cloak (worn)
Scrolls
 h - a scroll of identify
 i - a scroll of teleportation {unknown}
 v - a scroll of random uselessness {unknown}
Potions
 g - a potion of agility {unknown}
 j - a potion of brilliance {unknown}
 m - a potion of ambrosia {unknown}
 n - a potion of degeneration {unknown}
 q - 2 potions of curing {unknown}
 s - 2 potions of invisibility {unknown}
 t - a potion of lignification {unknown}
Books
 c - a book of Debilitation

   Spells                             Type                      Level
   a - Corona                         Hexes                        1
   b - Slow                           Hexes                        2
   c - Inner Flame                    Hexes/Fire                   3
   d - Portal Projectile              Hexes/Translocation          3
   e - Cause Fear                     Hexes                        4
   f - Leda's Liquefaction            Hexes/Earth                  4
Comestibles
 f - 2 rations
 r - 2 chunks of flesh


   Skills:
 + Level 2.3 Fighting
 + Level 1.6 Short Blades
 * Level 4.0 Crossbows
 + Level 1.2 Armour
 + Level 3.3 Dodging
 - Level 2.0 Spellcasting
 - Level 3.0 Hexes


You had 5 spell levels left.
You knew the following spells:

 Your Spells              Type           Power        Failure   Level  Hunger
a - Corona                Hex            #......      19%         1    ##.....
b - Slow                  Hex            #.......     28%         2    ###....


Dungeon Overview and Level Annotations

Branches:
Dungeon (4/15)
 Temple: D:4-7

Altars:

Annotations:
D:3 Bapho's ghost, amateur DrFE


Innate Abilities, Weirdness & Mutations

You are small and have problems with some larger weapons.
You are carnivorous and can eat meat at any time.


Message History

Bapho's ghost is severely damaged.
Bapho's ghost completely misses you.
Firing (i - inventory):
d - 12 bolts (quivered)
Press: ? - help, Shift-Dir - straight line, f/p - Bapho's ghost
Aim: Bapho's ghost (severely damaged)
You shoot a bolt. The bolt hits Bapho's ghost.
Bapho's ghost is almost destroyed.
Bapho's ghost hits you. x2
Firing (i - inventory):
d - 11 bolts (quivered)
Press: ? - help, Shift-Dir - straight line, f/p - Bapho's ghost
Aim: Bapho's ghost (almost destroyed)
You shoot a bolt. The bolt barely misses Bapho's ghost.
Bapho's ghost hits you.
* * * LOW HITPOINT WARNING * * *
Firing (i - inventory):
d - 10 bolts (quivered)
Press: ? - help, Shift-Dir - straight line, f/p - Bapho's ghost
Aim: Bapho's ghost (almost destroyed)
You shoot a bolt. The bolt misses Bapho's ghost.
Bapho's ghost hits you.
* * * LOW HITPOINT WARNING * * *
You feel yourself speed up. Bapho's ghost hits you!
You die...

########### #.........#
#.#######.# #.# #.#
###.#######.##
#............#
#.#.###.#.#...
.##########.#.##
.#.#.##
.......@W)(((.(##.#.#.#
...########.#..(......#
#.##(##.#..... #.....#
.#..... #...... l......
#........#.
#.....###... #.....# .
#. ###.### . ..


You could see Bapho's ghost.

Vanquished Creatures
  A hound skeleton (D:3)
  3 gnolls (D:2)
  2 adders
  A worm (D:2)
  3 dart slugs
  4 leopard geckos
  4 bats
  5 giant cockroaches
  16 goblins
  11 hobgoblins
  2 jackals (D:2)
  A quokka (D:2)
  4 frilled lizards
  6 kobolds
  6 rats
69 creatures vanquished.

Notes
Turn   | Place    | Note
-------+----------+-------------------------------------------
     0 | D:1      | LevaFresel the Kobold Arcane Marksman began the quest for the Orb.
     0 | D:1      | Reached XP level 1. HP: 12/12 MP: 2/2
   117 | D:1      | Reached XP level 2. HP: 16/16 MP: 3/3
   428 | D:1      | Reached skill level 3 in Crossbows
   843 | D:1      | Reached XP level 3. HP: 17/20 MP: 5/5
  1515 | D:2      | Reached XP level 4. HP: 21/26 MP: 6/6
  1607 | D:2      | Learned a level 2 spell: Slow
  1663 | D:2      | Reached skill level 1 in Short Blades
  1943 | D:2      | Reached skill level 1 in Armour
  2029 | D:2      | Reached XP level 5. HP: 30/30 MP: 8/8
  2619 | D:3      | Noticed Bapho's ghost (amateur DrFE)
  2644 | D:3      | Reached skill level 4 in Crossbows
  2661 | D:3      | Slain by Bapho's ghost

Skill      XL: |  1  2  3  4  5 |
---------------+----------------+-----
Crossbows      | 3 4 |  4.0
Dodging        | 3 |  3.3
Fighting       | 2 |  2.3
Short Blades   | 1 |  1.6
Spellcasting   | 2 |  2.0
Armour         | 1 |  1.2
Hexes          | |  3.0

Action                   |  1- 3 |  4- 6 || total
-------------------------+-------+-------++-------
Melee: Short sword       |    57 |   155 ||   212
 Fire: Hand crossbow     |    51 |    23 ||    74
  Use: Scroll            |     1 |     4 ||     5
       Potion            |       |     1 ||     1
  Eat: Chunk             |     9 |     3 ||    12
Armor: Leather armour    |     8 |       ||     8
       Robe              |     1 |       ||     1
       Ring mail         |       |    56 ||    56
Dodge: Dodged            |    60 |   109 ||   169
